 Dungeon Crawl Stone Soup version 0.28-a0-1447-ga5a8893891 (webtiles) character file.

Game seed: 4976664702856977986

539 horus123 the Magician (level 7, 0/36 HPs)
             Began as a Deep Elf Conjurer on Jan 10, 2022.
             Slain by a bullfrog (7 damage)
             ... on level 6 of the Dungeon.
             The game lasted 00:11:41 (4578 turns).

horus123 the Magician (Deep Elf Conjurer)           Turns: 4578, Time: 00:11:41

Health: 0/36       AC:  3    Str:  4    XL:     7   Next: 5%
Magic:  2/18       EV: 12    Int: 25    God:
Gold:   111        SH:  0    Dex: 13    Spells: 7/18 levels left

rFire   . . .      SeeInvis .   n - +4 short sword
rCold   . . .      Faith    .   (no shield)
rNeg    . . .      Spirit   .   a - +0 robe
rPois   .          Reflect  .   (no helmet)
rElec   .          Harm     .   (no cloak)
rCorr   .          Rampage  .   f - +0 pair of gloves
Will    .....                   (no boots)
Stlth   ++........              (no amulet)
HPRegen 0.12/turn               (no ring)
MPRegen 0.16/turn               (no ring)

@: no status effects
A: no striking features
a: no special abilities


You were on level 6 of the Dungeon.
You visited 1 branch of the dungeon, and saw 5 of its levels.

You collected 111 gold pieces.

Inventory:

Hand Weapons
 d - a +0 long sword
 n - a +4 short sword (weapon)
Armour
 a - a +0 robe (worn)
 f - a +0 pair of gloves (worn)
Wands
 j - a wand of polymorph (6)
 k - a wand of paralysis (10)
 l - a wand of mindburst (21)
Scrolls
 g - a scroll of immolation
 i - a scroll of teleportation
Potions
 b - a potion of resistance
 c - a potion of attraction
 e - a potion of brilliance {unknown}
 h - a potion of heal wounds {unknown}
 m - a potion of curing {unknown}


   Skills:
 - Level 2.4 Dodging
 - Level 2.4 Stealth
 + Level 6.3 Spellcasting
 - Level 6.0 Conjurations
 - Level 5.1 Translocations


You had 7 spell levels left.
You knew the following spells:

 Your Spells              Type           Power      Damage    Failure   Level
a - Magic Dart            Conj           100%       1d8       1%          1
b - Searing Ray           Conj           74%        2d7       1%          2
c - Iskenderun's Mystic   Conj/Tloc      35%        2d8       7%          4
d - Fulminant Prism       Conj/Hex       11%        3d9       22%         4

Your spell library contained the following spells:

 Spells                   Type           Power      Damage    Failure   Level
 Dazzling Flash           Conj/Hex       44%        N/A       6%          3
 Summon Small Mammal      Summ           28%        N/A       8%          1
 Mephitic Cloud           Conj/Pois/Air  17%        N/A       10%         3
 Call Imp                 Summ           7%         N/A       11%         2
 Call Canine Familiar     Summ           7%         N/A       22%         3
 Summon Guardian Golem    Hex/Summ       7%         N/A       22%         3


Dungeon Overview and Level Annotations

Branches:
Dungeon (4/15)
 Temple: D:4-7

Altars:
Kikubaaqudgha

Annotations:
D:4 1 runed translucent door


Message History

You struggle to resist.
You hear a shout!
The orc priest shouts!
The searing ray hits the orc priest but does no damage.
The orc priest is moderately wounded.
The searing ray hits the kobold brigand!
The kobold brigand is moderately wounded.
The searing ray hits the orc priest.
The orc priest is heavily wounded.
You finish channelling your searing ray.
You hear a shout! x2
A water moccasin skeleton comes into view.
An orc comes into view. It is wielding a +0 hand axe.
The water moccasin skeleton moves out of view.
You hear a shout! x2; You hear a loud, deep croak!
As you read the scroll of teleportation, it crumbles to dust.
You feel strangely unstable.
You hear an angry hiss.
The kobold brigand hits you with a +1 dagger of venom.
You are poisoned.
An orc comes into view. It is wielding a +0 whip.
You feel sick.
You feel sick.
The orc priest looks satisfied for a moment.
Your surroundings suddenly seem different.
An adder, a centaur and a bullfrog come into view.
Found a Necronomicon.
You feel sick.
A hound comes into view.
The centaur moves out of view.
You feel sick.
Found a grey potion.
You feel sick. The adder bites you but does no damage.
You feel sick. The bullfrog hits you.
* * * LOW HITPOINT WARNING * * *
The bullfrog hits you.
* * * LOW HITPOINT WARNING * * *
You feel sick.
You are no longer poisoned.
The adder bites you but does no damage.
The hound barks!
The bullfrog hits you!
You die...

#. #.......... .
#..........## #.
#........#..#
#.###
#........##.####
#...#
#..............#
#.#
#.......h......#
#.#
#..............#
#.##
#......@F......#
#K.#
#......:S......#
##.#
#...!..........#
#o#
#..............#
#o#
#..............#
##o#?
#########......#
###.oo.
#.......##...##Z
#####.......## .
.?..#.....#


You could see a bullfrog, a hound and an adder.

Vanquished Creatures
  An orc warrior (D:6)
  A hound (D:4)
  2 orc priests
  Natasha (thrice) (D:3)
  3 orc wizards
  A hound skeleton (D:4)
  4 gnolls (D:4)
  5 adders
  A worm (D:4)
  3 dart slugs
  15 orcs
  5 endoplasms (D:1)
  3 giant cockroaches
  7 goblins
  10 hobgoblins
  7 jackals
  3 quokkas
  5 ball pythons
  6 bats (D:1)
  6 frilled lizards
  4 kobolds
  6 rats
101 creatures vanquished.

Notes
Turn   | Place    | Note
-------+----------+-------------------------------------------
     0 | D:1      | horus123 the Deep Elf Conjurer began the quest for the Orb.
     0 | D:1      | Reached XP level 1. HP: 10/10 MP: 6/6
   256 | D:1      | Reached XP level 2. HP: 15/15 MP: 6/9
   385 | D:1      | Learned a level 2 spell: Searing Ray
   944 | D:1      | Reached skill level 5 in Conjurations
   962 | D:1      | Reached XP level 3. HP: 19/19 MP: 8/10
  1739 | D:2      | Found an ancient bone altar of Kikubaaqudgha.
  2031 | D:2      | Found a faded altar of an unknown god.
  2065 | D:2      | Reached XP level 4. HP: 24/24 MP: 8/12
  2097 | D:2      | Learned a level 4 spell: Iskenderun's Mystic Blast
  2122 | D:2      | Learned a level 4 spell: Fulminant Prism
  2866 | D:3      | Noticed Natasha
  2873 | D:3      | Killed Natasha
  2874 | D:3      | Reached skill level 1 in Translocations
  3188 | D:3      | Reached XP level 5. HP: 21/28 MP: 6/13
  3606 | D:3      | Noticed Natasha
  3612 | D:3      | Killed Natasha
  3763 | D:3      | Noticed Natasha
  3766 | D:3      | Killed Natasha
  4092 | D:4      | Reached XP level 6. HP: 32/32 MP: 9/14
  4195 | D:4      | Found a runed translucent door.
  4202 | D:4      | Reached skill level 5 in Translocations
  4546 | D:4      | You fall into a shaft and drop 2 floors!
  4546 | D:6      | Noticed an orc warrior
  4559 | D:6      | Reached skill level 5 in Spellcasting
  4560 | D:6      | Killed an orc warrior
  4562 | D:6      | Reached XP level 7. HP: 36/36 MP: 7/18
  4578 | D:6      | Slain by a bullfrog

Illustrated notes

Levels and vault maps discovered:
D:1:      dpeg_arrival_castle, layout_loops_corners,
          nicolae_figureground_sparkle
D:2:      layout_basic, basic_altar, basic_ecumenical_altar
D:3:      layout_loops_corners, uniq_natasha
D:4:      layout_cave_pools, ebering_ghost_inner_flame,
          chequers_serial_rivers_micro_b
D:6:      layout_rooms, cheibrodos_sewer_entry_bend

Skill      XL: |  1  2  3  4  5  6 |
---------------+-------------------+-----
Spellcasting   | 4 6 |  6.3
Conjurations   | 5 6 |  6.0
Translocations | 2 4 5 |  5.1
Dodging        | |  2.4
Stealth        | |  2.4

Action                   |  1- 3 |  4- 6 |  7- 9 || total
-------------------------+-------+-------+-------++-------
Melee: Unarmed           |     1 |       |       ||     1
 Cast: Magic Dart        |    78 |    90 |       ||   168
       Searing Ray       |     2 |    11 |     1 ||    14
  Use: Scroll            |     2 |     3 |     1 ||     6
Armor: Robe              |     1 |       |     2 ||     3
Dodge: Dodged            |     5 |     5 |       ||    10

Table legend: (Time is in decaauts)
 A = Elapsed time spent in this place.
 B = Non-inter-level travel time spent in this place.
 C = Inter-level travel time spent in this place.
 D = Time resting spent in this place.
 E = Time spent auto-exploring this place.
 F = Levels seen in this place.
 G = Mean time per level.
                   A        B        C        D        E       F      G
               +--------+--------+--------+--------+--------+-----+--------+
         Total |   4577 |   4457 |    120 |    448 |   3553 |   5 |  915.4 |
       Dungeon |   4577 |   4457 |    120 |    448 |   3553 |   5 |  915.4 |
               +--------+--------+--------+--------+--------+-----+--------+

Top non-repeatable levels by time:
     D:1: 1592 daAuts
     D:2: 1189 daAuts
     D:3: 1172 daAuts
     D:4: 591 daAuts
     D:6: 31 daAuts
